 Dungeon Crawl Stone Soup version 0.15.0-16-gce31824 (webtiles) character file.

392 Gravenous the Poker (level 6, -6/84 HPs)
             Began as a Naga Berserker on Sept 6, 2014.
             Was a Believer of Trog.
             Mangled by an orc warrior
             ... wielding a +0 scimitar
              (12 damage)
             ... on Level 4 of the Dungeon.
             The game lasted 00:06:52 (3491 turns).

Gravenous the Poker (Naga Berserker)                Turns: 3491, Time: 00:06:52

HP  -6/84        AC  6     Str 26      XL: 6   Next: 80%
MP   6/6         EV 10     Int  7      God: Trog [**....]
Gold 178         SH  0     Dex 11      Spells:  0 memorised,  5 levels left

rFire  . . .     SeeInvis +     h - -2 spear (curse)
rCold  + . .     Clarity  .     b - +0 animal skin
rNeg   . . .     rCorr    .     (no shield)
rPois  +         rRot     .     (no helmet)
rElec  .         Spirit   .     i - +2 cloak
SustAb .         Warding  .     (no gloves)
rMut   .         Stasis   .     (no barding)
Gourm  .                        p - amulet of rage
MR     +....                    m - ring of protection from magic
                                j - ring of protection from cold

@: berserking, quick, somewhat resistant to hostile enchantments, extremely
unstealthy
A: spit poison, see invisible, deformed body, poison resistance, slowness 2, AC
+2
a: Spit Poison, Burn Spellbooks, Berserk, Trog's Hand, Renounce Religion, Evoke
Berserk Rage


You were on level 4 of the Dungeon.
You worshipped Trog.
Trog was pleased with you.
You were not hungry.

You visited 1 branch of the dungeon, and saw 4 of its levels.

You collected 178 gold pieces.

Inventory:

Hand weapons
 a - a +0 spear
 h - a cursed -2 spear (weapon)
 q - a +2 halberd of flaming
Armour
 b - a +0 animal skin (worn)
 i - a +2 cloak (worn)
 n - a +0 chain mail
Comestibles
 c - 3 bread rations
 g - a meat ration
 o - a beef jerky
 r - a chunk of rat flesh
Scrolls
 d - 4 scrolls of identify
 e - a scroll of blinking
 k - a scroll of noise
Jewellery
 j - a ring of protection from cold (left hand)
 m - a ring of protection from magic (right hand)
 p - an amulet of rage (around neck)
Potions
 f - a potion of curing
 l - a potion of cure mutation {unknown}
 u - a potion of beneficial mutation {unknown}


   Skills:
 - Level 3.0 Fighting
 * Level 6.2 Polearms
 + Level 3.6 Armour
 - Level 1.5 Dodging


You had 5 spell levels left.
You didn't know any spells.

Dungeon Overview and Level Annotations

Branches:
Dungeon (4/15)
 Temple: D:4-7

Altars:


Innate Abilities, Weirdness & Mutations

You cannot wear boots.
You can spit poison.
Your serpentine skin is tough (AC +2).
You have supernaturally acute eyesight.
Armour fits poorly on your strangely shaped body.
Your system is resistant to poisons.
You cover ground very slowly.


Message History

The orc warrior is moderately wounded.
The orc warrior looks more healthy.
The orc warrior hits you but does no damage.
You closely miss the orc warrior.
The orc warrior is moderately wounded.
You hit the orc warrior but do no damage.
The orc warrior is moderately wounded.
You closely miss the orc warrior.
The orc warrior is moderately wounded.
The orc warrior hits you with a scimitar!
* * * LOW HITPOINT WARNING * * *
The orc wizard points at you and mumbles some strange words.
The puff of flame hits you!
* * * LOW HITPOINT WARNING * * *
You hit the orc warrior.
The orc warrior is moderately wounded.
You completely miss the orc warrior.
The orc warrior is moderately wounded.
The orc warrior hits you with a scimitar!
You die...

##.>...#.....##
##.............##
#...............# ..
#...........(...#
...##...............#
...................#.##
##..................##
#.....o))............
#.#...o@#............
#..#.#########.....#
##...### .##.##
##....### # # ##.#o..#
...###o# ##..# ... #..#
#..# #..# .o#


You could see an orc warrior and an orc wizard.

Vanquished Creatures
  The ghost of merphle the Chopper, an average MiBe of Trog (D:4)
  An orc priest (D:4)
  An orc wizard (D:4)
  4 gnolls (D:2)
  An adder (D:3)
  A worm (D:2)
  2 giant geckos
  An ooze (D:4)
  2 orcs (D:4)
  7 bats
  7 goblins
  12 hobgoblins
  6 kobolds
  3 giant cockroaches
  4 giant newts
  4 jackals (D:1)
  A quokka (D:4)
  3 rats
61 creatures vanquished.

Notes
Turn   | Place    | Note
--------------------------------------------------------------
     0 | D:1      | Gravenous, the Naga Berserker, began the quest for the Orb.
     0 | D:1      | Reached XP level 1. HP: 21/21 MP: 1/1
   341 | D:1      | Reached XP level 2. HP: 13/28 MP: 2/2
  1508 | D:1      | Reached XP level 3. HP: 34/34 MP: 3/3
  1679 | D:2      | Acquired Trog's second power
  1753 | D:2      | Reached skill level 4 in Polearms
  1764 | D:2      | Reached XP level 4. HP: 30/42 MP: 4/4
  3022 | D:4      | Reached XP level 5. HP: 49/49 MP: 5/5
  3044 | D:4      | Noticed merphle's ghost (average MiBe)
  3255 | D:4      | Killed merphle's ghost
  3255 | D:4      | Reached skill level 6 in Polearms
  3255 | D:4      | Reached XP level 6. HP: 25/56 MP: 6/6
  3467 | D:4      | Noticed an orc warrior
  3491 | D:4      | Mangled by an orc warrior

Action                   |  1- 3 |  4- 6 || total
-------------------------+-------+-------++-------
Melee: Spear             |   138 |   126 ||   264
Invok: Berserk           |     1 |     4 ||     5
 Abil: Spit Poison       |    11 |    10 ||    21
  Use: Scroll            |       |     5 ||     5
       Potion            |       |     1 ||     1
 Stab: Invisible         |       |     6 ||     6
  Eat: Chunk             |     3 |     8 ||    11
       Bread ration      |       |     1 ||     1
